 Dungeon Crawl Stone Soup version 0.23.0 (webtiles) character file.

Game seed: 12123886701555893444

1680 Folque the Magician (level 8, -15/61 HPs)
             Began as a Black Draconian Earth Elementalist on Feb 10, 2019.
             Demolished by a slime creature (18 damage)
             ... on level 4 of the Dungeon.
             The game lasted 00:25:49 (6379 turns).

Folque the Magician (DrEE)                          Turns: 6379, Time: 00:25:49

Health: -15/61     AC:  8    Str: 10    XL:     8   Next: 71%
Magic:  0/18       EV: 12    Int: 17    God:
Gold:   383        SH:  0    Dex: 13    Spells: 5/20 levels left

rFire    . . .     SeeInvis .   w - +0 rapier
rCold    . . .     Gourm    .   (no shield)
rNeg     . . .     Faith    .   (armour unavailable)
rPois    .         Spirit   .   (helmet restricted)
rElec    +         Reflect  .   y - +0 cloak
rCorr    .         Harm     .   l - +0 pair of gloves
MR       .....                  (no boots)
Stlth    ++........             (no amulet)
HPRegen  0.20/turn              (no ring)
MPRegen  0.16/turn              (no ring)

@: no status effects
A: breathe lightning, unfitting armour, electricity resistance, cold-blooded, AC
+6
a: Breathe Lightning


You were on level 4 of the Dungeon.
You were hungry.

You visited 1 branch of the dungeon, and saw 5 of its levels.

You collected 383 gold pieces.

Inventory:

Hand Weapons
 f - a +0 dagger
 w - a +0 rapier (weapon)
Missiles
 b - 210 stones (quivered)
Armour
 l - a +0 pair of gloves (worn)
 y - a +0 cloak (worn)
Jewellery
 d - an uncursed ring of positive energy {unknown}
 e - an uncursed amulet of guardian spirit
 p - a +4 ring of protection {unknown}
 q - an uncursed ring of stealth {unknown}
Scrolls
 a - 2 scrolls of fog
 g - a scroll of enchant weapon {unknown}
 n - 2 scrolls of random uselessness {unknown}
 o - a scroll of immolation {unknown}
 r - 6 scrolls of remove curse {unknown}
 s - a scroll of blinking {unknown}
 u - a scroll of teleportation {unknown}
 v - 2 scrolls of identify
Potions
 h - 3 potions of lignification {unknown}
 i - a potion of flight {unknown}
 j - 2 potions of invisibility
 k - a potion of might {unknown}
 m - 3 potions of brilliance
 t - a potion of degeneration {unknown}
Comestibles
 c - 11 rations
 x - a chunk of flesh


   Skills:
 - Level 2.2 Fighting
 - Level 2.0 Short Blades
 - Level 1.7 Dodging
 - Level 3.0 Stealth
 * Level 6.8 Spellcasting
 - Level 2.0 Conjurations
 - Level 3.0 Transmutations
 + Level 5.8 Earth Magic


You had 5 spell levels left.
You knew the following spells:

 Your Spells              Type           Power        Failure   Level  Hunger
a - Sandblast             Erth           ####..       1%          1    None
b - Passwall              Tmut/Erth      ###.....     2%          2    None
c - Stone Arrow           Conj/Erth      ###...       7%          3    ##.....
d - Lee's Rapid Deconstr  Erth           ####......   28%         5    #####..
e - Petrify               Tmut/Erth      ###.....     19%         4    ####...

Your spell library contained the following spells:

 Spells                   Type           Power        Failure   Level  Hunger
 Animate Skeleton         Necr           N/A          12%         1    None
 Pain                     Necr           #...         12%         1    None
 Regeneration             Chrm/Necr      #.........   34%         3    ##.....
 Vampiric Draining        Necr           #.........   34%         3    ##.....
 Animate Dead             Necr           N/A          75%         4    ####...


Dungeon Overview and Level Annotations

Branches:
Dungeon (5/15)
 Temple: D:4-7

Altars:
Ashenzari
Cheibriados
Hepliaklqana
Qazlal
Vehumet
Wu Jian
Xom


Innate Abilities, Weirdness & Mutations

You can breathe wild blasts of lightning.
Your glossy black scales are hard. (AC +6)
You cannot fit into any form of body armour.
You are resistant to electric shocks. (rElec)
You are cold-blooded and may be slowed by cold attacks.


Message History

Casting: Sandblast (safe; 1% risk of failure)
Confirm with . or Enter, or press ? or * to list all spells.
Aiming: Sandblast (safe; 1% risk of failure)
Press: ? - help, Shift-Dir - straight line, f/p - slime creature
Aim: a slime creature (heavily wounded)
The blast of sand hits the slime creature!
The slime creature is heavily wounded.
b - 211 stones The slime creature hits you!
* * * LOW HITPOINT WARNING * * *
Casting: Sandblast (safe; 1% risk of failure)
Confirm with . or Enter, or press ? or * to list all spells.
Aiming: Sandblast (safe; 1% risk of failure)
Press: ? - help, Shift-Dir - straight line, f/p - slime creature
Aim: a slime creature (heavily wounded)
The blast of sand hits the slime creature.
The slime creature is heavily wounded.
b - 210 stones The slime creature hits you!!
You die...

#..........................
#.####................#....
#.##....[............##....
####........[.......###....
####...[....#...##..# ##...
#.....<.....###.##..# ##..
#.##...............)#####.#
#.##........###.......##..#
#.##......@.####......#..##
#.##.......J##........#.##
##.#########.[..#........#
#............####.......##
############## #########


You could see a slime creature.

Vanquished Creatures
  A slime creature (D:5)
  Sigmund (D:5)
  Eustachio (D:4)
  An ogre (D:5)
  A big kobold (D:5)
  A gnoll sergeant (D:5)
  A howler monkey (D:5)
  A quasit (D:5)
  3 jellies (D:5)
  4 hounds
  3 orc priests
  3 orc wizards
  A bullfrog skeleton (D:4)
  2 iguanas (D:5)
  Natasha (thrice) (D:2)
  4 worker ants
  4 gnolls (D:5)
  13 adders
  4 oozes
  3 worms
  5 dart slugs
  5 leopard geckos
  15 orcs
  3 bats
  4 giant cockroaches
  5 goblins
  9 hobgoblins
  7 jackals
  3 quokkas
  11 frilled lizards
  13 kobolds
  2 quokka skeletons (D:4)
  10 rats
147 creatures vanquished.

Vanquished Creatures (others)
  6 toadstools (D:5)
6 creatures vanquished.

Grand Total: 153 creatures vanquished

Notes
Turn   | Place    | Note
-------+----------+-------------------------------------------
     0 | D:1      | Folque the Draconian Earth Elementalist began the quest for
                  | the Orb.
     0 | D:1      | Reached XP level 1. HP: 14/14 MP: 3/3
   144 | D:1      | Reached skill level 1 in Fighting
   383 | D:1      | Reached XP level 2. HP: 23/23 MP: 5/5
  1193 | D:1      | Learned a level 2 spell: Passwall
  1209 | D:1      | Reached XP level 3. HP: 29/29 MP: 4/6
  1393 | D:2      | Noticed Natasha
  1400 | D:2      | Killed Natasha
  1400 | D:2      | Reached skill level 3 in Spellcasting
  1400 | D:2      | Reached XP level 4. HP: 17/36 MP: 1/8
  1405 | D:2      | Learned a level 3 spell: Stone Arrow
  1410 | D:2      | Found a radiant altar of Vehumet.
  1951 | D:2      | Found a stormy altar of Qazlal.
  1968 | D:2      | Noticed Natasha
  2010 | D:2      | Killed Natasha
  2010 | D:2      | Reached XP level 5. HP: 33/41 MP: 1/10
  2643 | D:2      | Noticed Natasha
  2646 | D:2      | Killed Natasha
  2646 | D:2      | Reached skill level 4 in Spellcasting
  2653 | D:2      | Learned a level 5 spell: Lee's Rapid Deconstruction
  3059 | D:3      | Reached skill level 1 in Conjurations
  3562 | D:3      | Reached XP level 6. HP: 46/48 MP: 8/12
  3823 | D:4      | Found an ornate altar of the Wu Jian Council.
  4033 | D:4      | Identified the +3 scale mail of Qazat {MR+ Str+7}
  4134 | D:4      | Noticed Eustachio
  4139 | D:4      | Killed Eustachio
  4139 | D:4      | Reached skill level 5 in Spellcasting
  4139 | D:4      | Reached skill level 5 in Earth Magic
  4139 | D:4      | Your scales start taking on a glossy black colour.
  4139 | D:4      | Reached XP level 7. HP: 46/55 MP: 0/14
  4139 | D:4      | Gained mutation: You are resistant to electric shocks.
                  | (rElec) [Black Draconian growth]
  4894 | D:4      | Found a shimmering altar of Xom.
  4895 | D:4      | Found a hazy altar of Hepliaklqana.
  4895 | D:4      | Noticed a wyvern
  4896 | D:4      | Noticed a spectral ugly thing
  4896 | D:4      | Noticed a wyvern
  5009 | D:5      | Entered Level 5 of the Dungeon
  5131 | D:5      | Found a shattered altar of Ashenzari.
  5353 | D:5      | Noticed Sigmund
  5365 | D:5      | Killed Sigmund
  5365 | D:5      | Reached skill level 1 in Short Blades
  5365 | D:5      | Reached skill level 5 in Earth Magic
  5365 | D:5      | Reached XP level 8. HP: 43/61 MP: 0/15
  5459 | D:5      | Learned a level 4 spell: Petrify
  6080 | D:5      | Reached skill level 6 in Spellcasting
  6216 | D:5      | Found a snail-covered altar of Cheibriados.
  6250 | D:5      | Noticed a slime creature
  6250 | D:5      | Noticed a slime creature
  6263 | D:5      | Killed a slime creature
  6378 | D:4      | HP: 3/61 [slime creature (13)]
  6379 | D:4      | Demolished by a slime creature

Skill      XL: |  1  2  3  4  5  6  7  8 |
---------------+-------------------------+-----
Fighting       | 1 2 |  2.2
Spellcasting   | 3 4 5 6 |  6.8
Earth Magic    | 4 4 5 |  5.8
Conjurations   | 1 2 |  2.0
Stealth        | 2 3 |  3.0
Transmutations | 2 3 |  3.0
Short Blades   | 1 2 |  2.0
Dodging        | |  1.7

Action                   |  1- 3 |  4- 6 |  7- 9 || total
-------------------------+-------+-------+-------++-------
Melee: Unarmed           |   125 |       |       ||   125
       Tailslap          |    12 |    21 |     9 ||    42
       Dagger            |     5 |   230 |    46 ||   281
       Rapier            |       |       |    29 ||    29
 Cast: Sandblast         |    17 |    34 |    50 ||   101
       Stone Arrow       |       |    37 |    45 ||    82
       Lee's Rapid Decon |       |     2 |     1 ||     3
 Abil: Breathe Lightning |       |       |     4 ||     4
  Use: Scroll            |     1 |     3 |       ||     4
 Stab: Sleeping          |     2 |     5 |     1 ||     8
  Eat: Chunk             |     1 |    14 |     7 ||    22
       Ration            |       |       |     1 ||     1
Armor: Skin              |    32 |    83 |    51 ||   166
Dodge: Dodged            |    67 |   189 |   105 ||   361
